 Dungeon Crawl Stone Soup version 0.28.0-53-g5a82cb258f (webtiles) character file.

Game seed: 4841283833111591099

171 firemarshallily the Slasher (level 5, -5/42 HPs)
             Began as a Demonspawn Gladiator on June 10, 2022.
             Was an Initiate of Gozag.
             Killed from afar by a wight (19 damage)
             ... with a bolt of acid
             ... on level 4 of the Dungeon.
             The game lasted 00:07:23 (2290 turns).

firemarshallily the Slasher (Demonspawn Gladiator)  Turns: 2290, Time: 00:07:23

Health: -5/42      AC:  3    Str: 17    XL:     5   Next: 26%
Magic:  5/5        EV: 11    Int: 13    God:    Gozag
Gold:   99         SH:  0    Dex: 14    Spells: 4/4 levels left

rFire   . . .      SeeInvis .   a - +0 long sword
rCold   . . .      Faith    .   (no shield)
rNeg    . . .      Spirit   .   n - +0 ring mail
rPois   .          Reflect  .   c - +0 helmet
rElec   .          Harm     .   (no cloak)
rCorr   .          Rampage  .   f - +0 pair of gloves
Will    .....                   (no boots)
Stlth   +.........              (no amulet)
HPRegen 0.14/turn               q - +4 ring of slaying
MPRegen 0.09/turn               (no ring)

@: corroded
A: big brain 2, demonic touch 1
a: Renounce Religion, Potion Petition, Call Merchant, Bribe Branch


You were on level 4 of the Dungeon.
You worshipped Gozag.
Gozag was noncommittal.
You visited 1 branch of the dungeon, and saw 4 of its levels.

You collected 278 gold pieces.
You spent 140 gold pieces at shops.
You paid 39 gold pieces to Gozag.

Inventory:

Hand Weapons
 a - a +0 long sword (weapon)
Missiles
 d - 3 throwing nets (quivered)
 g - 104 stones
Armour
 c - a +0 helmet (worn)
 f - a +0 pair of gloves (worn)
 n - a +0 ring mail (worn)
Jewellery
 q - a +4 ring of slaying (left hand)
Scrolls
 i - 2 scrolls of enchant armour {unknown}
 l - a scroll of torment
 o - a scroll of teleportation
 p - a scroll of fear {unknown}
Potions
 e - a potion of magic
 h - 3 potions of curing
 j - a potion of attraction
 k - a potion of mutation
 m - a potion of ambrosia


   Skills:
 * Level 3.9 Fighting
 * Level 4.2 Long Blades
 - Level 2.0 Throwing
 - Level 3.0 Dodging


You had 4 spell levels left.
You didn't know any spells.
Your spell library contained the following spells:

 Spells                   Type           Power      Damage    Failure   Level
 Dispersal                Tloc           0%         N/A       100%        6
 Disjunction              Tloc           0%         N/A       100%        8


Dungeon Overview and Level Annotations

Branches:
Dungeon (4/15)
 Temple: D:4-7

Altars:
Gozag

Shops:
D:4 !


Innate Abilities, Weirdness & Mutations

You have an extremely huge brain. (Int +4)
Your touch may inflict minor irresistible damage on your foes.


Message History

You now have 94 gold pieces (gained 4).
You see here a +0 leather armour.
You see here a +0 leather armour.
There is a stone staircase leading up here.
Found a ring mail.
A ball python comes into view.
The ball python hisses angrily.
You slash the ball python!
You kill the ball python!
You now have 99 gold pieces (gained 5).
You see here a +0 ring mail.
n - a +0 ring mail You start removing your armour.
You continue taking off your +0 leather armour. x4
You finish taking off your +0 leather armour.
You start putting on your armour.
You continue putting on your +0 ring mail. x5
You finish putting on your +0 ring mail.
You drop a +0 leather armour.
You see here a +0 short sword.
Done exploring.
You see here a +0 short sword.
There is an escape hatch in the floor here.
There is a stone staircase leading down here.
You climb downwards.
There is a stone staircase leading up here.
There is a stone staircase leading up here.
Found a pair of gloves.
You see here a +0 pair of gloves.
Found a stone staircase leading down. 3 wights come into view.
A wight is wielding a +0 mace and carrying a wand of acid (2).
The wight zaps a wand.
The bolt of acid hits you!!
Ouch! That really hurt!
* * * LOW HITPOINT WARNING * * *
The acid corrodes you!
You see here a +0 pair of gloves.
The wight zaps a wand.
The bolt of acid hits you!!
You die...
Your body crumbles into a pile of gold.

..z...#..# .....
#..# #..z #z.# ..z
#.z# .. #.z# # #..#
#..#
#.[#################
#..@...............#
#################.##
#...# #.# ###.# #.#
#.# #.# #.# #.#
#########.# #.# ≈##.
#......##.#######
#.# ≈P..
#...............#
#.#


You could see 3 wights.

Vanquished Creatures
  A phantom (D:3)
  A hound skeleton (D:2)
  2 adders (D:2)
  An ufetubus (D:4)
  2 worms
  6 dart slugs
  An orc (D:3)
  3 endoplasms
  A giant cockroach (D:2)
  6 goblins
  2 hobgoblins
  3 kobolds
  2 quokkas
  5 ball pythons
  3 bats
  3 frilled lizards
  8 rats
50 creatures vanquished.

Vanquished Creatures (others)
  7 plants (D:4)
7 creatures vanquished.

Grand Total: 57 creatures vanquished

Notes
Turn   | Place    | Note
-------+----------+-------------------------------------------
     0 | D:1      | firemarshallily the Demonspawn Gladiator began the quest
                  | for the Orb.
     0 | D:1      | Reached XP level 1. HP: 16/16 MP: 1/1
    64 | D:1      | Gained mutation: You have an unusually large brain. (Int
                  | +2) [demonic ancestry]
    64 | D:1      | Reached XP level 2. HP: 12/22 MP: 2/2
   274 | D:1      | Reached skill level 3 in Long Blades
   578 | D:2      | Gained mutation: Your touch may inflict minor irresistible
                  | damage on your foes. [demonic ancestry]
   578 | D:2      | Reached XP level 3. HP: 28/28 MP: 3/3
   833 | D:2      | Found an opulent altar of Gozag.
   972 | D:2      | Reached XP level 4. HP: 35/35 MP: 4/4
  1042 | D:2      | Became a worshipper of Gozag Ym Sagoz the Greedy
  1244 | D:3      | Noticed a phantom
  1372 | D:3      | You fall into a shaft and drop 1 floor!
  1378 | D:4      | Found Piett's Distillery.
  1395 | D:4      | Bought 2 potions of curing for 60 gold pieces
  1395 | D:4      | Bought a potion of mutation for 80 gold pieces
  1528 | D:3      | Found a faded altar of an unknown god.
  1593 | D:3      | Killed a phantom
  1594 | D:3      | Reached skill level 4 in Long Blades
  1594 | D:3      | Gained mutation: You have an extremely huge brain. (Int +4)
                  | [demonic ancestry]
  1594 | D:3      | Reached XP level 5. HP: 42/42 MP: 5/5
  2290 | D:4      | Killed from afar by a wight

Illustrated notes

Levels and vault maps discovered:
D:1:      ncdulo_watergridlock, layout_basic, minmay_misc_feat_plants,
          minmay_misc_feat_nine_boxes
D:2:      layout_loops_cross, basic_altar
D:3:      layout_loops_ring, ebering_ecumenical_altar_abandoned,
          dk_noncrumbling_4
D:4:      layout_basic, temple_hall, serial_bayou, serial_bayou_pond_e,
          serial_bayou_crossing, serial_bayou_pond_d, serial_bayou_lagoon_a,
          serial_shops, shop

Skill      XL: |  1  2  3  4 |
---------------+-------------+-----
Throwing       | 2 |  2.0
Long Blades    | 3 4 |  4.2
Dodging        | 3 |  3.0
Fighting       | 3 |  3.9

Action                   |  1- 3 |  4- 6 || total
-------------------------+-------+-------++-------
Melee: Long sword        |    76 |    48 ||   124
       Touch             |     8 |     6 ||    14
       Punch             |       |     1 ||     1
  Use: Scroll            |     1 |     4 ||     5
 Stab: Sleeping          |     2 |       ||     2
Armor: Leather armour    |    22 |    23 ||    45
Dodge: Dodged            |    43 |    27 ||    70
